 Dungeon Crawl Stone Soup version 0.18.1-50-g88ac8fd (webtiles) character file.

141 Dioneo the Cudgeler (level 5, 0/42 HPs)
             Began as a Human Fighter on Oct 9, 2016.
             Succumbed to Jessica's poison
             ... on level 2 of the Dungeon.
             The game lasted 00:08:03 (2443 turns).

Dioneo the Cudgeler (Human Fighter)                 Turns: 2443, Time: 00:08:04

Health: 0/42       AC:  7    Str: 17    XL:     5   Next: 48%
Magic:  5/5        EV:  7    Int:  9    God:
Gold:   90         SH:  9    Dex: 12    Spells: 0 memorised, 4 levels left

rFire  . . .     SeeInvis .     a - +0 flail
rCold  . . .     Gourm    .     b - +0 scale mail
rNeg   . . .     Faith    .     c - +0 shield
rPois  .         Spirit   .     (no helmet)
rElec  .         Dismiss  .     (no cloak)
rCorr  .         Reflect  .     (no gloves)
SustAt .         Harm     .     (no boots)
MR     .....                    (no amulet)
Stlth  ..........               (no ring)
                                (no ring)

@: lethally poisoned (0 -> -4), very slightly contaminated, not resistant to
hostile enchantments, extremely unstealthy
A: no striking features
a: no special abilities


You were on level 2 of the Dungeon.
You were not hungry.

You visited 1 branch of the dungeon, and saw 2 of its levels.

You collected 90 gold pieces.

Inventory:

Hand Weapons
 a - a +0 flail (weapon)
 d - a +0 whip of venom
 n - a +0 whip of draining
Missiles
 j - 7 poisoned needles
Armour
 b - a +0 scale mail (worn)
 c - a +0 shield (worn)
Jewellery
 l - a cursed ring of loudness {unknown}
 o - an uncursed ring of see invisible {unknown}
Scrolls
 h - 3 scrolls of fear
 k - a scroll of identify
Potions
 e - a potion of agility
Books
 m - a book of Power

   Spells                             Type                      Level
   a - Fulminant Prism                Conjuration/Hexes            4
   b - Iskenderun's Mystic Blast      Conjuration                  4
   c - Venom Bolt                     Conjuration/Poison           5
   d - Bolt of Magma                  Conjuration/Fire/Earth       5
   e - Iron Shot                      Conjuration/Earth            6
   f - Orb of Destruction             Conjuration                  7
   g - Spellforged Servitor           Conjuration/Summoning        7
Comestibles
 f - 2 bread rations
 g - 18 fruits
 i - a meat ration
 t - a beef jerky


   Skills:
 + Level 3.7 Fighting
 * Level 4.0 Maces & Flails
 + Level 3.9 Armour
 - Level 3.0 Shields


You had 4 spell levels left.
You didn't know any spells.

Dungeon Overview and Level Annotations

Branches:
Dungeon (2/15)

Altars:
Nemelex Xobeh


Message History

* * * LOW HITPOINT WARNING * * *
You feel sick.
Found 12 arrows.
There is a lethal amount of poison in your body!
* * * LOW HITPOINT WARNING * * *
You feel sick.
* * * LOW HITPOINT WARNING * * *
You feel sick.
* * * LOW HITPOINT WARNING * * *
You feel sick.
* * * LOW HITPOINT WARNING * * *
You feel sick.
* * * LOW HITPOINT WARNING * * *
You feel sick.
* * * LOW HITPOINT WARNING * * *
You feel sick.
You see here 12 arrows.
* * * LOW HITPOINT WARNING * * *
You feel sick.
You die...

..##........##.#
............##.#
............##..
......#'########
......#.#
......#.#######
......#.......# #
......###.########.#
#.##### #.# #.@..#
#. #.# #.#### #. #)#
#.# #.# #(# #.# #.#
#.# #.# #.# #.# #.#
#.# #.# #.#


There were no monsters in sight!

Vanquished Creatures
  Jessica (D:2)
  3 gnolls
  2 adders (D:2)
  An ooze (D:2)
  2 worms (D:2)
  A dart slug (D:2)
  3 giant geckos
  4 goblins
  9 hobgoblins
  7 jackals (D:1)
  5 kobolds
  2 ball pythons
  6 bats
  2 giant newts
  8 rats
56 creatures vanquished.

Notes
Turn   | Place    | Note
--------------------------------------------------------------
     0 | D:1      | Dioneo the Human Fighter began the quest for the Orb.
     0 | D:1      | Reached XP level 1. HP: 18/18 MP: 1/1
    75 | D:1      | Reached XP level 2. HP: 22/24 MP: 2/2
   574 | D:1      | Reached XP level 3. HP: 20/29 MP: 3/3
  1089 | D:2      | Reached XP level 4. HP: 33/35 MP: 4/4
  1366 | D:2      | Reached skill level 3 in Maces & Flails
  2053 | D:1      | Reached XP level 5. HP: 38/41 MP: 5/5
  2276 | D:2      | Found a sparkling altar of Nemelex Xobeh.
  2414 | D:2      | Noticed Jessica
  2420 | D:2      | Killed Jessica
  2420 | D:2      | Reached skill level 4 in Maces & Flails
  2437 | D:2      | HP: 2/42 [poisoned by Jessica]
  2443 | D:2      | Succumbed to Jessica's poison

Skill      XL: |  1  2  3  4  5 |
---------------+----------------+-----
Maces & Flails | 3 4 |  4.0
Fighting       | |  3.7
Armour         | |  3.9
Shields        | |  3.0

Action                   |  1- 3 |  4- 6 || total
-------------------------+-------+-------++-------
Melee: Flail             |   102 |   137 ||   239
  Use: Potion            |     1 |       ||     1
       Scroll            |     3 |     3 ||     6
  Eat: Chunk             |       |     5 ||     5
Armor: Scale mail        |    77 |    61 ||   138
Dodge: Dodged            |    30 |    48 ||    78
Block: Shield            |    84 |    81 ||   165
